 Dungeon Crawl Stone Soup version 0.17.0-24-gcfadda4 (webtiles) character file.

2 Gorice the Skirmisher (level 1, 0/18 HPs)
             Began as a Demonspawn Wanderer on Nov 17, 2015.
             Slain by a hobgoblin
             ... wielding a +0 club
              (3 damage)
             ... on level 1 of the Dungeon.
             The game lasted 00:00:58 (68 turns).

Gorice the Skirmisher (Demonspawn Wanderer)           Turns: 68, Time: 00:00:58

Health: 0/18       AC:  2    Str: 13    XL:     1   Next: 33%
Magic:  1/1        EV: 12    Int: 12    God:
Gold:   0          SH:  0    Dex: 12    Spells: 0 memorised, 0 levels left

rFire  . . .     SeeInvis .     a - +2 spear
rCold  . . .     Clarity  .     d - +0 robe
rNeg   . . .     SustAt   .     (no shield)
rPois  .         Gourm    .     (no helmet)
rElec  .         Spirit   .     (no cloak)
rCorr  .         Warding  .     (no gloves)
rMut   .         Stasis   .     (no boots)
MR     .....                    (no amulet)
Stlth  ++........               (no ring)
                                (no ring)

@: not resistant to hostile enchantments, unstealthy
A: no striking features
a: no special abilities


You were on level 1 of the Dungeon.
You were not hungry.

You visited 1 branch of the dungeon, and saw 1 of its levels.

Inventory:

Hand Weapons
 a - a +2 spear (weapon)
 b - a +0 short sword
Armour
 d - a +0 robe (worn)
Scrolls
 c - a scroll of teleportation {!r}
Comestibles
 e - a bread ration {!e}


   Skills:
 + Level 3.1 Fighting
 * Level 0.3 Polearms
 - Level 1.7 Dodging
 - Level 1.0 Stealth
   Level 1.7 Charms
   Level 1.0 Air Magic
   Level 1.0 Evocations


You couldn't memorise any spells.
You didn't know any spells.

Dungeon Overview and Level Annotations

Branches:
Dungeon (1/15)

Altars:


Message History

Found 22 stones.
You see here 22 stones.
Found 32 stones.
You hit the kobold.
You kill the kobold!
The kobold throws a stone.
The stone barely misses you.
Things that are here:
a stone; a short sword; a kobold corpse The kobold throws a stone.
The stone hits you but does no damage.
You see here a stone.
The kobold throws a stone.
The stone closely misses you.
You see here a stone.
You are too injured to fight recklessly!
You are too injured to fight recklessly!
You are too injured to fight recklessly!
You are too injured to fight recklessly!
The kobold throws a stone.
The stone closely misses you.
You see here a stone.
The kobold throws a stone.
The stone barely misses you.
You see here a stone.
You open the door.
A giant newt and a goblin come into view.
Found 19 stones.
A hobgoblin comes into view. It is wielding a club.
There is an open door here.
The kobold barely misses you.
You closely miss the kobold. The kobold barely misses you.
You barely miss the kobold. The kobold barely misses you.
The giant newt bites you.
* * * LOW HITPOINT WARNING * * *
Damage: 1 (max 1)
You hit the kobold but do no damage. The kobold misses you.
The giant newt bites you.
* * * LOW HITPOINT WARNING * * *
Damage: 1 (max 1)
You hit the kobold.
You kill the kobold!
The giant newt closely misses you.
You see here a stone.
You see here a stone.
You see here a stone.
You see here a stone.
You aren't carrying any potions.
Unknown command.
You miss the giant newt. The giant newt misses you.
You puncture the giant newt!
You kill the giant newt!
You closely miss the hobgoblin. The hobgoblin closely misses you.
You hit the hobgoblin but do no damage. The hobgoblin hits you with a club.
You die...

♣♣ #.#. .♣♣♣♣ #..
....♣♣♣♣♣♣♣♣♣♣♣#.#
...............#.#
.............K.(.#
......<........#.#
♣♣♣............#(#
♣♣.....♣♣♣♣♣♣#.#
.# ♣♣♣♣♣♣♣ #@# .#
#g# .# #g# .#####
#.# .....# ###(#
.....#
###..(#####.....#
#...(...g.g.....#
#.#.#######.(...#
# #. .....#


You could see a hobgoblin and a goblin.

Vanquished Creatures
  A giant newt (D:1)
  2 kobolds (D:1)
3 creatures vanquished.

Notes
Turn   | Place    | Note
--------------------------------------------------------------
     0 | D:1      | Gorice the Demonspawn Wanderer began the quest for the Orb.
     0 | D:1      | Gorice set off with: a +2 spear, a +0 short sword, a scroll of teleportation {!r}, a +0 robe, a bread ration {!e}
     0 | D:1      | Reached XP level 1. HP: 18/18 MP: 1/1
    16 | D:1      | HP: 2/18 [kobold/short sword (5)]
    55 | D:1      | HP: 3/18 [giant newt (1)]
    68 | D:1      | Slain by a hobgoblin

Action                   || total
-------------------------++-------
Melee: Spear             ||    19

Table legend:
 A = Turns spent in this place as a percentage of turns spent in the entire game.
 B = Non-inter-level travel turns spent in this place as a percentage of non-inter-level travel turns spent in the entire game.
 C = Inter-level travel turns spent in this place as a percentage of turns spent in this place.
 D = Turns resting spent in this place as a percentage of non-inter-level travel turns spent in this place.
 E = Turns spent auto-exploring this place as a percentage of non-inter-level travel turns spent in this place.
 F = Non-inter-level travel turns spent in this place divided by the number of levels of this place that you've seen.
                   A       B       C       D       E      F
               +-------+-------+-------+-------+-------+----------------------
         Total | 100.0 | 100.0 |   0.0 |   0.0 |   1.2 |  81.0
       Dungeon | 100.0 | 100.0 |   0.0 |   0.0 |   1.2 |  81.0
               +-------+-------+-------+-------+-------+----------------------

Vault maps used:
D:1:      roderic_dead_forest, grunt_decor_resistance, roderic_lattice_a
